 Dungeon Crawl Stone Soup version 0.28-a0-1518-gbe868bca14 (webtiles) character file.

Game seed: 2058568356385673368

12 Anathary the Skirmisher (level 2, 0/26 HPs)
             Began as a Draconian Berserker on Jan 16, 2022.
             Was a Follower of Trog.
             Splashed by a jelly's acid (7 damage)
             ... on level 2 of the Dungeon.
             The game lasted 00:02:27 (1002 turns).

Anathary the Skirmisher (Draconian Berserker)       Turns: 1002, Time: 00:02:28

Health: 0/26       AC:  0    Str: 19    XL:     2   Next: 20%
Magic:  2/2        EV: 12    Int:  7    God:    Trog [*.....]
Gold:   0          SH:  0    Dex: 10    Spells: 1/1 levels left

rFire   . . .      SeeInvis .   a - +0 hand axe
rCold   . . .      Faith    .   (no shield)
rNeg    . . .      Spirit   .   (armour unavailable)
rPois   .          Reflect  .   (helmet restricted)
rElec   .          Harm     .   (no cloak)
rCorr   .          Rampage  .   (no gloves)
Will    .....                   (no boots)
Stlth   +.........              (no amulet)
HPRegen 0.08/turn               (no ring)
MPRegen 0.08/turn               (no ring)

@: corroded
A: AC +4, unfitting armour, cold-blooded
a: Renounce Religion, Berserk


You were on level 2 of the Dungeon.
You worshipped Trog.
Trog was aware of your devotion.
You visited 1 branch of the dungeon, and saw 2 of its levels.

Inventory:

Hand Weapons
 a - a +0 hand axe (weapon)
Scrolls
 b - a scroll of noise {unknown}
 g - a scroll of identify {unknown}
Potions
 c - a potion of haste {unknown}
 d - a potion of resistance {unknown}
 e - a potion of magic {unknown}
 f - a potion of lignification {unknown}


   Skills:
 + Level 3.4 Fighting
 + Level 3.2 Axes
 + Level 3.0 Dodging


You had one spell level left.
You didn't know any spells.
Your spell library was empty.

Dungeon Overview and Level Annotations

Branches:
Dungeon (2/15)

Altars:


Innate Abilities, Weirdness & Mutations

Your plain brown scales are hard. (AC +4)
You cannot fit into any form of body armour.
You are cold-blooded and may be slowed by cold attacks.


Message History

Found 18 bolts.
Found a faded altar of an unknown god.
A goblin comes into view. It is wielding a +0 club.
The goblin shouts!
The goblin hits you but does no damage.
You hit the goblin.
You kill the goblin!
Trog accepts your kill.
Your Dodging skill increases to level 3!
Things that are here:
a +0 club; a goblin corpse
There is a faded altar of an unknown god here.
Found an escape hatch in the floor.
There is an escape hatch in the floor here.
Found 24 arrows.
You see here 24 arrows.
You see here 24 arrows.
There is an escape hatch in the floor here.
There is a faded altar of an unknown god here.
You see here 17 stones.
There is an open door here.
Done exploring.
There is a stone staircase leading down here.
You climb downwards.
Found a scroll labelled EJINOENK LONUR.
There is a stone staircase leading up here.
The jelly quivers.
You see here a scroll labelled EJINOENK LONUR.
You slash the jelly!
Your hands burn!
The jelly is moderately wounded.
The jelly hits you but does no damage.
You hit the jelly.
Your hands burn!
The jelly is severely wounded.
The jelly hits you.
You are splashed with acid!
You barely miss the jelly.
The jelly is severely wounded.
The jelly hits you.
* * * LOW HITPOINT WARNING * * *
The acid corrodes you!
You are splashed with acid!
You die...

##### ### ......
..# ......# #.#
####...##.#######
......J@.<.......
####...##.#######
#..# #.# #.. #.#
#. #.# .. ..# ##
##. .


You could see a jelly.

Vanquished Creatures
  A giant cockroach (D:1)
  A goblin (D:1)
  3 hobgoblins (D:1)
  A quokka (D:1)
  A bat (D:1)
  2 frilled lizards (D:1)
  2 kobolds (D:1)
11 creatures vanquished.

Notes
Turn   | Place    | Note
-------+----------+-------------------------------------------
     0 | D:1      | Anathary the Draconian Berserker began the quest for the
                  | Orb.
     0 | D:1      | Reached XP level 1. HP: 19/19 MP: 1/1
   349 | D:1      | Reached XP level 2. HP: 26/26 MP: 2/2
   643 | D:1      | Found a faded altar of an unknown god.
  1002 | D:2      | Splashed by a jelly's acid

Illustrated notes

Levels and vault maps discovered:
D:1:      sevenhm_arrival_forest_fort_small_5, layout_loops_ring,
          basic_ecumenical_altar
D:2:      layout_loops_ring, uniq_sigmund

Skill      XL: |  1  2 |
---------------+-------+-----
Dodging        | 3 |  3.0
Fighting       | |  3.4
Axes           | |  3.2

Action                   || total
-------------------------++-------
Melee: Hand axe          ||    37
       Tailslap          ||     1
Armor: Skin              ||    14
Dodge: Dodged            ||    25

Table legend: (Time is in decaauts)
 A = Elapsed time spent in this place.
 B = Non-inter-level travel time spent in this place.
 C = Inter-level travel time spent in this place.
 D = Time resting spent in this place.
 E = Time spent auto-exploring this place.
 F = Levels seen in this place.
 G = Mean time per level.
                   A        B        C        D        E       F      G
               +--------+--------+--------+--------+--------+-----+--------+
         Total |   1009 |    965 |     44 |    114 |    520 |   2 |  504.5 |
       Dungeon |   1009 |    965 |     44 |    114 |    520 |   2 |  504.5 |
               +--------+--------+--------+--------+--------+-----+--------+

Top non-repeatable levels by time:
     D:1: 1004 daAuts
     D:2: 5 daAuts
